 Dungeon Sprint DCSS version 0.29.1-15-g9cfb28693d (webtiles) character file.

Game seed: 17467139823443008551

13839 boopmooplesden the Minotaur Blade (level 11, -15/113 HPs)
             Began as a Minotaur Berserker on Mar 13, 2023.
             Was the Champion of Trog.
             Shot with an arrow by Nessos (18 damage)
             ... in the Dungeon (Sprint II: "The Violet Keep of Menkaure").
             The game lasted 00:07:28 (1768 turns).

boopmooplesden the Minotaur Blade (MiBe)            Turns: 1768, Time: 00:07:29

Health: -15/113    AC: 22    Str: 27    XL:     11   Next: 80%
Magic:  8/8        EV: 14    Int:  4    God:    Trog [******]
Gold:   1092       SH:  5    Dex: 14    Spells: 10/10 levels left

rFire   . . .      SeeInvis .   m - +0 triple sword (flame)
rCold   . . .      Faith    .   (shield currently unavailable)
rNeg    . . .      Spirit   .   j - +8 chain mail of Protective Custody {*Slow rElec Regen+ Slay+2}
rPois   .          Reflect  +   i - +2 hat
rElec   +          Harm     .   (no cloak)
rCorr   .          Rampage  .   (no gloves)
Will    .....      Rage     3%  (no boots)
Stlth   .......... NoTele   +   k - amulet "Niodgh" {Reflect Dex+5 SH+5}
HPRegen 1.08/turn               (no ring)
MPRegen 0.11/turn               (no ring)

@: lethally poisoned (-15 -> -59), unable to drink
A: horns 2, retaliatory headbutt, hooves 1, berserk 1, frail 1, low MP 1,
screaming 1, subdued magic 1, inability to drink after injury 1
a: Renounce Religion, Berserk, Trog's Hand, Brothers in Arms


You were in the Dungeon.
You worshipped Trog.
Trog was exalted by your worship.
You visited 1 branch You collected 2140 gold pieces.
You spent 1048 gold pieces at shops.

Inventory:

Hand Weapons
 a - a +0 falchion
 l - a +4 scimitar of electrocution
 m - a +0 triple sword of flaming (weapon)
 t - a +5 great sword
Armour
 b - a +0 animal skin
 i - a +2 hat (worn)
 j - the +8 chain mail of Protective Custody (worn) {*Slow rElec Regen+ Slay+2}
   (You bought it in a shop in the Dungeon)

   Slay:      It affects your accuracy & damage with ranged weapons and melee
   (+2).
   rElec:     It insulates you from electricity.
   Regen:     It increases your rate of health regeneration.
   *Slow:     It may slow you when you take damage.
 o - a +1 cloak
Jewellery
 k - the amulet "Niodgh" (around neck) {Reflect Dex+5 SH+5}
   (You bought it in a shop in the Dungeon)

   [amulet of reflection]

   It reflects blocked missile attacks.
   Dex:       It affects your dexterity (+5).
   SH:        It affects your SH (+5).
 r - a +4 ring of protection
Scrolls
 h - 2 scrolls of blinking
 p - a scroll of vulnerability
Potions
 c - 2 potions of curing
 e - a potion of haste
 f - 5 potions of magic
 g - a potion of berserk rage
 n - 5 potions of flight
 q - 2 potions of resistance
 s - a potion of mutation {unknown}
 u - a potion of might {unknown}


   Skills:
 + Level 20.7 Fighting
 + Level 21.4 Long Blades
 + Level 13.3 Armour
 + Level 11.1 Dodging
 + Level 4.1 Stealth
 + Level 7.4 Shields


You had 10 spell levels left.
You didn't know any spells.
Your spell library was empty.

Dungeon Overview and Level Annotations

Branches:
Dungeon (1/1)

Altars:
Cheibriados
Dithmenos
Elyvilon
Fedhas
Gozag
Hepliaklqana
Kikubaaqudgha
Makhleb
Nemelex Xobeh
Okawaru
Qazlal
Ru
Sif Muna
Trog
Uskayaw
Vehumet
Wu Jian
Xom
Yredelemnul
Zin
The Shining One
Jiyva
Lugonu

Shops:
D **::([!(!((=?=*[*=[(!?[?*?*[[(:

Annotations:
D exclusions: obsidian statue, oklob plant and orange crystal statue, Nessos


Innate Abilities, Weirdness & Mutations

You have a pair of horns on your head.
You reflexively headbutt those who attack you in melee.
You have large cloven feet.
You sometimes lose your temper in combat.
You are frail. (-10% HP)
Your magical capacity is low. (-10% MP)
You occasionally shout uncontrollably at your foes.
Your spells are a little easier to cast, but a little less powerful.
You occasionally lose the ability to drink potions when taking damage.


Message History

Nessos wields a +3 longbow of flaming.
It bursts into flame!
Nessos shoots an arrow.
The arrow hits you! The arrow burns you.
You are poisoned.
You feel very sick.
Nessos casts a spell.
Nessos blinks!
Nessos mumbles some strange words.
Nessos seems to speed up.
You feel sick.
Nessos shoots an arrow.
The arrow hits you but does no damage.
Nessos shoots an arrow.
The arrow closely misses you.
You feel sick.
Nessos casts a spell.
Nessos blinks!
You feel sick.
Nessos shoots an arrow.
The arrow hits you! The arrow burns you.
You are more poisoned.
Nessos shoots an arrow.
The arrow hits you but does no damage.
Nessos shoots an arrow.
The arrow hits you! The arrow burns you.
You are more poisoned.
You feel very sick.
Nessos gestures wildly while chanting.
Nessos blinks!
Nessos shoots an arrow.
The arrow hits you!! The arrow burns you.
You are lethally poisoned!
* * * LOW HITPOINT WARNING * * *
You feel extremely sick.
Nessos shoots an arrow.
You reflect the arrow off an invisible shield around you!
The arrow hits Nessos!
The arrow burns Nessos.
Nessos shoots an arrow.
The arrow misses you.
* * * LOW HITPOINT WARNING * * *
You feel extremely sick.
Nessos shoots an arrow.
The arrow hits you!
* * * LOW HITPOINT WARNING * * *
The arrow burns you.
You are more poisoned.
* * * LOW HITPOINT WARNING * * *
Nessos shoots an arrow.
The arrow misses you.
Nessos shoots an arrow.
The arrow hits you!!
You feel threatened and lose the ability to drink potions!
You die...

**+***,~,~,##§§§○≈°≈≈≈##≈≈≈≈≈§≈#
*,,,**~~~,,###≈§§§§°○###########
**+***,,~~,#∩####+####≈○°≈°°≈###
*,,,***~,,##.^..#####≈○○○°°°≈≈##
*,∩,+***~*#∩.......+≈°°°≈°≈≈≈≈≈'
*,,,*,,###########^##≈≈≈○○°°≈≈##
******,,:|ooo)..}#..##≈≈≈°○≈≈##*
*##################..^#########,,
*.∩=∩!§.........@.§..c+,+333+,+^,
*######################*#####****


You could see Nessos (fast) and an orc priest.

Vanquished Creatures
  2 sphinxes (D)
  A kraken (D)
  Kirke (D)
  A yaktaur captain (D)
  A centaur warrior (D)
  A slime creature (D)
  A skeletal warrior (D)
  2 deep trolls (D)
  3 manticores (D)
  3 shining eyes (D)
  An ice statue (D)
  An elephant (D)
  A kobold demonologist (D)
  A yaktaur (D)
  A hornet (D)
  3 polar bears (D)
  2 wyverns (D)
  2 redbacks (D)
  3 neqoxecs (D)
  Menkaure (D)
  7 water moccasins (D)
  A necrophage (D)
  5 scorpions (D)
  An iron imp (D)
  3 worms (D)
  3 tentacles (D)
52 creatures vanquished.

Vanquished Creatures (others)
  A neqoxec (D)
  A water moccasin (D)
  20 tentacles (D)
22 creatures vanquished.

Grand Total: 74 creatures vanquished

Notes
Turn   | Place    | Note
-------+----------+-------------------------------------------
     0 | D        | boopmooplesden the Minotaur Berserker began the quest for
                  | the Orb.
     0 | D        | Reached XP level 1. HP: 19/19 MP: 0/0
     1 | D        | Noticed a neqoxec
     2 | D        | Noticed a neqoxec
     7 | D        | Killed a neqoxec
     8 | D        | Reached skill level 8 in Long Blades
     8 | D        | Reached XP level 2. HP: 35/35 MP: 1/1
     8 | D        | Reached XP level 3. HP: 40/40 MP: 2/2
     8 | D        | Reached XP level 4. HP: 48/48 MP: 3/3
    10 | D        | Gained mutation: Your spells are a little easier to cast,
                  | but a little less powerful. [a neqoxec]
    15 | D        | Killed a neqoxec
    16 | D        | Reached skill level 9 in Long Blades
    16 | D        | Reached skill level 5 in Armour
    16 | D        | Reached skill level 5 in Dodging
    16 | D        | Reached XP level 5. HP: 58/58 MP: 4/4
    17 | D        | Noticed a neqoxec
    20 | D        | Noticed an obsidian statue
    21 | D        | Gained mutation: You occasionally lose the ability to drink
                  | potions when taking damage. [a neqoxec]
    30 | D        | HP: 2/58 [neqoxec (1)]
    31 | D        | Killed a neqoxec
    31 | D        | Reached ** piety under Trog
    32 | D        | Reached skill level 11 in Long Blades
    32 | D        | Reached XP level 6. HP: 3/68 MP: 5/5
    49 | D        | Noticed Menkaure
    58 | D        | Killed Menkaure
   107 | D        | Killed a neqoxec
   127 | D        | Killed a water moccasin
   352 | D        | Noticed a wyvern
   352 | D        | Noticed a wyvern
   358 | D        | Killed a wyvern
   359 | D        | Reached skill level 12 in Long Blades
   359 | D        | Reached XP level 7. HP: 75/75 MP: 6/6
   361 | D        | Killed a wyvern
   361 | D        | Reached *** piety under Trog
   533 | D        | Reached **** piety under Trog
   534 | D        | Reached skill level 13 in Long Blades
   555 | D        | Found Kaecadac's Antique Armour Emporium.
   555 | D        | Found Utygurch's Assorted Antiques.
   555 | D        | Found Qahogil's Magic Scroll Emporium.
   556 | D        | Found Pitifa's Magic Scroll Emporium.
   556 | D        | Found Xoergha's Antique Weapon Shoppe.
   556 | D        | Found Itweef's Antique Armour Emporium.
   556 | D        | Found Messuill's Jewellery Shoppe.
   557 | D        | Found Mulakad's Jewellery Emporium.
   557 | D        | Found Gered's Magic Scroll Shoppe.
   557 | D        | Found Enatool's Jewellery Shoppe.
   558 | D        | Found Vur Muev's Distillery.
   558 | D        | Noticed a cane toad
   558 | D        | Noticed a fire dragon
   559 | D        | Found Luosm's Distillery.
   559 | D        | Found Ehodi's Antique Weapon Emporium.
   559 | D        | Noticed an oklob plant
   562 | D        | Noticed a cane toad
   564 | D        | Reached XP level 8. HP: 78/86 MP: 7/7
   589 | D        | Found Ruitsezxy's Book Shoppe.
   589 | D        | Found Ekat's Book Shoppe.
   597 | D        | Bought a hat for 96 gold pieces
   597 | D        | Bought a transparent chain mail for 228 gold pieces
   597 | D        | Identified the +8 chain mail of Protective Custody {*Slow
                  | rElec Regen+ Slay+2} (You bought it in a shop in the
                  | Dungeon)
   613 | D        | Bought the amulet "Niodgh" {Reflect Dex+5 SH+5} for 570
                  | gold pieces
   642 | D        | Found an iron altar of Okawaru.
   642 | D        | Found a radiant altar of Vehumet.
   642 | D        | Found a glowing silver altar of Zin.
   643 | D        | Found a sparkling altar of Nemelex Xobeh.
   643 | D        | Found a hide-covered altar of Uskayaw.
   643 | D        | Found a basalt altar of Yredelemnul.
   644 | D        | Found an opulent altar of Gozag.
   644 | D        | Found a burning altar of Makhleb.
   644 | D        | Found a bloodstained altar of Trog.
   645 | D        | Found a blossoming altar of Fedhas.
   645 | D        | Found a corrupted altar of Lugonu.
   645 | D        | Found a shimmering blue altar of Sif Muna.
   646 | D        | Found a white marble altar of Elyvilon.
   646 | D        | Found an ancient bone altar of Kikubaaqudgha.
   647 | D        | Found a shadowy altar of Dithmenos.
   647 | D        | Found a viscous altar of Jiyva.
   648 | D        | Found a snail-covered altar of Cheibriados.
   650 | D        | Noticed a yaktaur
   650 | D        | Noticed a hornet
   650 | D        | Noticed a polar bear
   650 | D        | Noticed a polar bear
   657 | D        | Killed a polar bear
   657 | D        | Reached ***** piety under Trog
   658 | D        | Reached skill level 14 in Long Blades
   658 | D        | Reached skill level 1 in Stealth
   658 | D        | Noticed a polar bear
   664 | D        | Killed a polar bear
   669 | D        | Killed a hornet
   670 | D        | Reached skill level 15 in Long Blades
   673 | D        | Killed a polar bear
   674 | D        | Reached skill level 15 in Fighting
   674 | D        | Reached XP level 9. HP: 97/97 MP: 8/8
   677 | D        | Killed a yaktaur
   678 | D        | Reached skill level 16 in Long Blades
   722 | D        | Noticed a kraken
   742 | D        | Reached skill level 1 in Shields
   759 | D        | Found a hazy altar of Hepliaklqana.
   759 | D        | Found a sacrificial altar of Ru.
   759 | D        | Found a shimmering altar of Xom.
   760 | D        | Found a stormy altar of Qazlal.
   760 | D        | Found an ornate altar of the Wu Jian Council.
   781 | D        | Found the +12 pair of quick blades "Gyre" and "Gimble"
                  | {protect}
   908 | D        | Found a glowing golden altar of the Shining One.
   916 | D        | Noticed an ice statue
   940 | D        | Noticed a deep troll
   940 | D        | Noticed a deep troll
   950 | D        | Killed a deep troll
   951 | D        | Reached skill level 17 in Long Blades
   958 | D        | Killed a deep troll
  1052 | D        | Bought a glowing scimitar for 154 gold pieces
  1079 | D        | Noticed an orange crystal statue
  1082 | D        | Noticed Kirke
  1082 | D        | Noticed a yaktaur captain
  1082 | D        | Noticed a skeletal warrior
  1082 | D        | Noticed a kobold demonologist
  1102 | D        | Killed a skeletal warrior
  1103 | D        | Reached XP level 10. HP: 111/111 MP: 9/9
  1106 | D        | Killed a yaktaur captain
  1106 | D        | Reached ****** piety under Trog
  1107 | D        | Reached skill level 18 in Long Blades
  1113 | D        | Killed Kirke
  1113 | D        | Received a gift from Trog
  1130 | D        | Noticed an elephant
  1130 | D        | Noticed a centaur warrior
  1135 | D        | Reached skill level 19 in Long Blades
  1135 | D        | Reached skill level 10 in Armour
  1141 | D        | Killed an elephant
  1142 | D        | Noticed a shining eye
  1142 | D        | Noticed a shining eye
  1147 | D        | Gained mutation: You have large cloven feet. [a shining
                  | eye]
  1151 | D        | Gained mutation: You sometimes lose your temper in combat.
                  | [a shining eye]
  1153 | D        | Killed a shining eye
  1154 | D        | Reached skill level 10 in Dodging
  1156 | D        | Killed a shining eye
  1157 | D        | Killed a centaur warrior
  1162 | D        | Noticed a shining eye
  1164 | D        | Gained mutation: Your magical capacity is low. (-10% MP) [a
                  | shining eye]
  1170 | D        | Gained mutation: You are frail. (-10% HP) [a shining eye]
  1176 | D        | Gained mutation: You occasionally shout uncontrollably at
                  | your foes. [a shining eye]
  1177 | D        | Killed a shining eye
  1177 | D        | Received a gift from Trog
  1178 | D        | Reached XP level 11. HP: 90/109 MP: 8/8
  1220 | D        | Reached skill level 20 in Long Blades
  1220 | D        | Reached skill level 5 in Shields
  1373 | D        | Received a gift from Trog
  1422 | D        | Found Gudogone's Assorted Antiques.
  1422 | D        | Found Afawkigauxt's Antique Armour Shop.
  1422 | D        | Found Ugiublypn's General Store.
  1422 | D        | Found Onuaques's Distillery.
  1422 | D        | Found Kyfu's Antique Weapon Boutique.
  1423 | D        | Found Wimu's Antique Weapon Shoppe.
  1423 | D        | Found Cacach's Armour Boutique.
  1423 | D        | Found Vobo's Magic Scroll Emporium.
  1423 | D        | Found Tyblupu's Assorted Antiques.
  1423 | D        | Found Mienun's General Store.
  1423 | D        | Found Reviutor's Antique Armour Shop.
  1423 | D        | Found Qasiegh's Armour Shoppe.
  1520 | D        | Killed a kraken
  1565 | D        | Noticed a sphinx
  1565 | D        | Noticed a sphinx
  1577 | D        | Killed a sphinx
  1577 | D        | Received a gift from Trog
  1578 | D        | Reached skill level 21 in Long Blades
  1591 | D        | Killed a sphinx
  1663 | D        | Noticed a sixfirhy
  1666 | D        | Noticed a sixfirhy
  1675 | D        | Noticed a sixfirhy
  1683 | D        | Found Fiblaf's Book Shoppe.
  1684 | D        | Found Horutocei's Weapon Boutique.
  1736 | D        | Identified the +3 war axe "Wenum" {venom, rElec rF+ Dex+3}
  1736 | D        | Identified the ring of Cuahev {rElec rPois rC+}
  1742 | D        | Identified the ring "Pyzxi" {rElec Str+6}
  1756 | D        | Found Hyr Wipt's General Store.
  1758 | D        | Found Ynahuk's Weapon Shop.
  1759 | D        | Noticed Nessos
  1768 | D        | HP: 3/113 [Nessos/arrow (4)]
  1768 | D        | Shot with an arrow by Nessos

Illustrated notes

Levels and vault maps discovered:
D:        the_violet_keep_of_menkaure [sprint2_stairs_cluster_1,
          sprint2_shoproom, sprint2_temple, sprint2_basic_supplies,
          sprint2_obstacle_3, sprint2_obstacle_2, sprint2_obstacle_4,
          sprint2_obstacle_6, sprint2_obstacle_1, sprint2_timed_cluster_1,
          sprint2_smallroom_cluster_1, sprint2_smallroom_final_cluster_1,
          sprint2_transparent_cluster_1, sprint2_second_timed_cluster_1,
          sprint2_sniper_area_1, sprint2_heavy_combat_area_1,
          sprint2_mutation_trap_area_1, sprint2_forest_area_1,
          sprint2_light_combat_area_1, sprint2_behind_water_1,
          sprint2_near_end_vault_1]

Skill      XL: |  1  2  3  4  5  6  7  8  9 10 11 |
---------------+----------------------------------+-----
Fighting       | 8 9 11 13 15 17 19 20 | 20.7
Long Blades    | 8 9 11 12 13 15 17 19 21 | 21.4
Armour         | 4 5 6 7 8 10 13 | 13.3
Dodging        | 4 5 6 7 9 10 11 | 11.1
Stealth        | 1 2 3 4 |  4.1
Shields        | 2 4 7 |  7.4

Action                   |  1- 3 |  4- 6 |  7- 9 | 10-12 || total
-------------------------+-------+-------+-------+-------++-------
Melee: Falchion          |     4 |    25 |   108 |       ||   137
       Headbutt          |       |     3 |    22 |    21 ||    46
       Punch             |       |     2 |     1 |     1 ||     4
       Scimitar          |       |       |     6 |    64 ||    70
       Kick              |       |       |       |    24 ||    24
       Triple sword      |       |       |       |    33 ||    33
Invok: Berserk           |     1 |     1 |     4 |     4 ||    10
  Use: Scroll            |       |       |     8 |       ||     8
       Potion            |       |       |     1 |     3 ||     4
Armor: Animal skin       |       |     1 |     2 |       ||     3
       Chain mail        |       |       |    44 |    54 ||    98
Dodge: Dodged            |     3 |     8 |    45 |    56 ||   112
Block: Other             |       |       |    12 |    29 ||    41
       Reflection        |       |       |       |     2 ||     2
